 Dungeon Crawl Stone Soup version 0.24-a0-251-g44e327e (webtiles) character file.

Game seed: 18087117517460868007

2331 Borgoz the Cutter (level 9, -12/54 HPs)
             Began as a Gargoyle Gladiator on Apr 17, 2019.
             Mangled by an orc warrior
             ... wielding a +0 halberd
              (16 damage)
             ... on level 6 of the Dungeon.
             The game lasted 00:11:03 (5775 turns).

Borgoz the Cutter (Gargoyle Gladiator)              Turns: 5775, Time: 00:11:03

Health: -12/54     AC: 14    Str: 18    XL:     9   Next: 42%
Magic:  9/9        EV: 15    Int:  9    God:
Gold:   119        SH:  0    Dex: 14    Spells: 8/8 levels left

rFire    x . .     SeeInvis +   q - +2 dagger (speed)
rCold    . . .     Gourm    .   (no shield)
rNeg     + + .     Faith    .   C - +1 leather armour of the Kettle-Drum {rElec rF- rN+ SInv} (curse)
rPois    ∞         Spirit   .   c - +0 helmet
rElec    +         Reflect  .   g - +0 cloak {MR+}
rCorr    +         Harm     .   G - +0 pair of gloves {archery}
MR       +....                  (no boots)
Stlth    +++.......             (no amulet)
HPRegen  0.18/turn              n - ring of see invisible
MPRegen  0.11/turn              r - ring of resist corrosion

@: studying Summonings
A: negative energy resistance 1, electricity resistance, unbreathing,
petrification resistance, rot immunity, AC +6
a: no special abilities


You were on level 6 of the Dungeon.
You were hungry.

You visited 1 branch of the dungeon, and saw 6 of its levels.

You collected 294 gold pieces.
You spent 175 gold pieces at shops.

Inventory:

Hand Weapons
 a - a +0 rapier
 q - a +2 dagger of speed (weapon)
Armour
 c - a +0 helmet (worn)
 g - a +0 cloak of magic resistance (worn)
 t - a +2 animal skin
 C - the cursed +1 leather armour of the Kettle-Drum (worn) {rElec rF- rN+ SInv}
   (You bought it in a shop on level 5 of the Dungeon)

   It makes you vulnerable to fire.
   It insulates you from electricity.
   It protects you from negative energy.
   It lets you see invisible.
   It has a curse placed upon it.
 G - a +0 pair of gloves of archery (worn)
Jewellery
 n - a ring of see invisible (left hand)
 r - a ring of resist corrosion (right hand)
 u - an uncursed amulet of magic regeneration
Wands
 A - a wand of paralysis (8)
 D - a wand of random effects (15)
 E - a wand of acid (7)
Scrolls
 j - 4 scrolls of remove curse {unknown}
 k - a scroll of magic mapping {unknown}
 l - a scroll of teleportation {unknown}
 o - a scroll of fog {unknown}
 s - 2 scrolls of random uselessness {unknown}
 y - a scroll of blinking
 z - a scroll of enchant armour {unknown}
Potions
 b - 4 potions of heal wounds
 e - 2 potions of lignification {unknown}
 h - a potion of mutation {unknown}
 i - 2 potions of might
 m - a potion of flight
 p - a potion of ambrosia
 v - a potion of haste
 w - 2 potions of brilliance
 x - 3 potions of cancellation {unknown}
 F - a potion of degeneration {unknown}
Books
 B - a manual of Summonings
Comestibles
 f - 13 rations


   Skills:
 + Level 5.4 Fighting
 * Level 6.6 Short Blades
 - Level 1.7 Throwing
 + Level 4.8 Armour
 * Level 6.1 Dodging
 + Level 5.3 Stealth


You had 8 spell levels left.
You didn't know any spells.
Your spell library was empty.

Dungeon Overview and Level Annotations

Branches:
Dungeon (6/15)
 Temple: D:4-7

Altars:
Dithmenos
Gozag
The Shining One

Shops:
D:4 *   D:5 [


Innate Abilities, Weirdness & Mutations

You are resistant to torment.
Your stone body is resilient. (AC +6)
You are immune to poison.
You resist negative energy. (rN+)
You are resistant to electric shocks. (rElec)
You can survive without breathing.
You are immune to petrification.
You are immune to rotting.


Message History

Things that are here:
a +0 spear; a gnoll corpse You see here a +0 ring mail.
You see here a throwing net.
Firing (i - inventory) No suitable missiles.
Press: ? - help, Shift-Dir - straight line, f/p - orc warrior
Aim: an orc warrior, wielding a +0 halberd and wearing a +0 plate armour (lightly wounded)
Okay, then.
d - a throwing net The orc warrior hits you from afar with a +0 halberd!
* * * LOW HITPOINT WARNING * * *
Throwing (i - inventory)
d - a throwing net (quivered)
Press: ? - help, Shift-Dir - straight line, f/p - orc warrior
Aim: an orc warrior, wielding a +0 halberd and wearing a +0 plate armour (lightly wounded)
You throw a throwing net.
The throwing net barely misses the orc warrior.
The orc warrior closely misses you.
Unknown command.
The orc warrior hits you from afar with a +0 halberd!
You die...

..#...............#....####
.##.............#.#.#.....##
............#.......#......##
............#..#....#.......#
#........#.....##...#......####
#.......###....##.........##..#
.......###...#.##...###.......#
####....#..####............<..#
# #..###.#####@###...##....## #
##...##...#o..# #........##
..##...)(........##..........
.......)##[#####..#...........
...##.....###.##...............
..###.......#....#.............
..##.............##............
(................# ....
.................. .##


You could see an orc warrior.

Vanquished Creatures
  Pikel (D:5)
  Grinder (D:5)
  Sigmund (D:2)
  Menkaure (D:5)
  An ice beast (D:6)
  A slave (D:5)
  A phantom (D:5)
  2 ogres (D:4)
  A bullfrog (D:6)
  A wyvern skeleton (D:6)
  2 scorpions (D:4)
  A killer bee (D:5)
  2 howler monkeys
  A crimson imp (D:5)
  3 orc priests
  3 hounds
  A gnoll shaman (D:5)
  Crazy Yiuf (D:2)
  An iguana (D:5)
  4 orc wizards
  5 worker ants
  2 hound zombies (D:5)
  A hound skeleton (D:4)
  Robin (D:2)
  3 gnolls
  4 adders
  An ooze (D:3)
  An adder skeleton (D:5)
  A worm (D:4)
  2 dart slugs
  4 leopard geckos
  9 orcs
  9 bats
  4 giant cockroaches
  13 goblins
  10 hobgoblins
  6 jackals
  4 kobolds (D:1)
  2 quokkas
  3 ball pythons
  4 frilled lizards
  A leopard gecko zombie (D:4)
  5 rats
  2 fungi (D:2)
127 creatures vanquished.

Vanquished Creatures (others)
  Ijyb (D:5)
  A worker ant (D:5)
2 creatures vanquished.

Grand Total: 129 creatures vanquished

Notes
Turn   | Place    | Note
-------+----------+-------------------------------------------
     0 | D:1      | Borgoz the Gargoyle Gladiator began the quest for the Orb.
     0 | D:1      | Reached XP level 1. HP: 12/12 MP: 1/1
   272 | D:1      | Reached XP level 2. HP: 14/17 MP: 2/2
   508 | D:1      | Reached XP level 3. HP: 18/22 MP: 3/3
   770 | D:2      | Noticed Robin
   778 | D:1      | Reached skill level 1 in Armour
   857 | D:2      | Reached skill level 1 in Stealth
   912 | D:2      | Killed Robin
   916 | D:2      | Reached XP level 4. HP: 20/27 MP: 4/4
  1239 | D:2      | Found a runed translucent door.
  1240 | D:2      | Noticed Crazy Yiuf
  1427 | D:2      | Noticed Sigmund
  1446 | D:2      | Killed Sigmund
  1446 | D:2      | Reached XP level 5. HP: 27/32 MP: 5/5
  1446 | D:2      | Reached XP level 6. HP: 32/37 MP: 6/6
  1838 | D:2      | Killed Crazy Yiuf
  1981 | D:3      | Found a shadowy altar of Dithmenos.
  2949 | D:4      | Reached XP level 7. HP: 36/41 MP: 7/7
  3039 | D:4      | Found Zerhess's General Store.
  3348 | D:4      | Found an opulent altar of Gozag.
  3665 | D:5      | Entered Level 5 of the Dungeon
  3698 | D:5      | Reached skill level 5 in Short Blades
  3710 | D:5      | Reached XP level 8. HP: 47/48 MP: 8/8
  3967 | D:5      | Noticed Grinder
  4019 | D:5      | Killed Grinder
  4019 | D:5      | Reached skill level 5 in Dodging
  4328 | D:5      | Noticed Pikel
  4417 | D:5      | Killed Pikel
  4417 | D:5      | Reached skill level 5 in Fighting
  4417 | D:5      | Reached XP level 9. HP: 16/54 MP: 9/9
  4483 | D:5      | Killed Ijyb
  4637 | D:5      | Found Natinum's Antique Armour Boutique.
  4645 | D:5      | Bought a steaming leather armour for 175 gold pieces
  4655 | D:5      | Identified the cursed +1 leather armour of the Kettle-Drum
                  | {rElec rF- rN+ SInv} (You bought it in a shop on level 5 of
                  | the Dungeon)
  4725 | D:5      | Noticed Menkaure
  4743 | D:5      | Killed Menkaure
  5028 | D:6      | Reached skill level 5 in Stealth
  5178 | D:6      | Found a glowing golden altar of the Shining One.
  5775 | D:6      | Mangled by an orc warrior

Levels and vault maps discovered:
D:1:      dpeg_arrival_circle_labyrinth_a, layout_rooms
D:2:      layout_basic, serial_glass, glass_columns_a, glass_columns_b,
          glass_columns_a, glass_columns_a, glass_columns_c, glass_columns_a,
          grunt_ministairs_15, uniq_robin, uniq_crazy_yiuf_cottage, uniq_sigmund
D:3:      layout_basic, grunt_dithmenos_smoke_and_mirrors, first_ration,
          minmay_misc_feat_doors
D:4:      layout_loops_ring, serial_shops, nicolae_shop_crystal,
          nicolae_gozag_cash_rules_everything_around_me
D:5:      layout_cave_pools, serial_shops, nicolae_shop_overgrown_old_shop,
          minmay_manual_monstrance, uniq_menkaure, uniq_grinder, uniq_pikel,
          uniq_ijyb
D:6:      layout_cave_pools, basic_altar

Skill      XL: |  1  2  3  4  5  6  7  8  9 |
---------------+----------------------------+-----
Short Blades   | 3 4 5 6 |  6.6
Armour         | 1 2 3 4 |  4.8
Stealth        | 1 2 3 4 5 |  5.3
Dodging        | 3 4 5 6 |  6.1
Fighting       | 3 4 5 |  5.4
Throwing       | |  1.7

Action                   |  1- 3 |  4- 6 |  7- 9 || total
-------------------------+-------+-------+-------++-------
Melee: Rapier            |    85 |       |       ||    85
       Dagger            |    19 |   220 |   598 ||   837
Throw: Throwing net      |       |     1 |     6 ||     7
  Use: Scroll            |       |     7 |     1 ||     8
       Potion            |       |     1 |     2 ||     3
 Stab: Sleeping          |     1 |     2 |     4 ||     7
       Held in net/web   |       |     1 |     3 ||     4
  Eat: Chunk             |       |     6 |     9 ||    15
Armor: Leather armour    |    53 |     6 |    32 ||    91
       Animal skin       |       |    34 |    76 ||   110
Dodge: Dodged            |    63 |    69 |   228 ||   360

Table legend:
 A = Non-vault XP
 B = Vault XP
 C = Vault XP percentage of total XP
 D = Non-vault monster count
 E = Vault monster count
 F = Vault count percentage of total count
                 A         B        C        D         E       F
            +---------+---------+-------+---------+---------+-------
      Total |    1836 |    1495 |  44.9 |     101 |      23 |  18.5
            +---------+---------+-------+---------+---------+-------
        D:1 |      47 |       7 |  13.0 |      24 |       4 |  14.3
        D:2 |      19 |     293 |  93.9 |      14 |      12 |  46.2
        D:3 |      31 |       0 |   0.0 |       7 |       0 |   0.0
        D:4 |     752 |       0 |   0.0 |      23 |       0 |   0.0
        D:5 |     477 |    1195 |  71.5 |      21 |       7 |  25.0
        D:6 |     510 |       0 |   0.0 |      12 |       0 |   0.0
            +---------+---------+-------+---------+---------+-------
